 Dungeon Sprint DCSS version 0.31-a0-437-g7cee417757 (console) character file.

Game seed: 7751496514483610692

9588 Lexodia the Unseen (level 11, -8/57 HPs)
             Began as a Felid Enchanter on Aug 2, 2023.
             Was the Champion of Wu Jian.
             Succumbed to poison (dark miasma)
             ... in the Dungeon (Sprint I: "Red Sonja").
             The game lasted 00:18:00 (1495 turns).

Lexodia the Unseen (Felid Enchanter)                Turns: 1495, Time: 00:18:01

Health: -8/57      AC:  3    Str:  1 (2)  XL:     11   Next: 25%
Magic:  18/18      EV: 35    Int: 17      God:    Wu Jian [******]
Gold:   740        SH:  0    Dex: 25      Spells: 10/18 levels left
                                        Lives:  0   Deaths: 3

rFire   . .          .
                       - Unarmed
rCold   + . .        (shield unavailable)
rNeg    . . .        (body armour unavailable)
rPois   .            (helmet unavailable)
rElec   .            (cloak unavailable)
rCorr   .            (gloves unavailable)
SInv    +            (boots unavailable)
Will    .....        (no amulet)
Stlth   +++          u - ring of flight
HPRegen 0.29/turn    p - +6 ring of dexterity
MPRegen 0.16/turn

%: no teleportation
@: lethally poisoned (-8 -> -65), beast-form, weak-willed, flying, slowed, slow
A: beast (slay +5), very small, claws 1, fangs 3, see invisible, speed 1, shaggy
fur 3, stealthy paws, no weapons or thrown items, no armour, multi-lived, clumsy
1, deterioration 1, weak 1
0: Orb of Zot
a: Begin Untransformation, Renounce Religion, Wall Jump, Serpent's Lash,
Heavenly Storm


You were in the Dungeon.
You worshipped Wu Jian.
Wu Jian was exalted by your worship.
You were a hulking beast.
You visited 1 branch You collected 2415 gold pieces.
You spent 1675 gold pieces at shops.

Inventory:

Jewellery
 k - a ring of positive energy
 p - a +6 ring of dexterity (right paw)
 u - a ring of flight (left paw)
 v - the amulet of Opneos {Faith Int+4}
   (You bought it in a shop in the Dungeon)

   [amulet of faith]

   It allows you to gain divine favour quickly.
   Int:       It affects your intelligence (+4).
Talismans
 t - a beast talisman (active)
Wands
 f - a wand of flame (50)
 j - a wand of iceblast (6)
Potions
 a - a potion of invisibility
 b - 3 potions of curing
 c - a potion of heal wounds
 d - 3 potions of haste
 e - 2 potions of magic
 w - a potion of enlightenment
 x - 2 potions of cancellation
Miscellaneous
 h - a phial of floods


   Skills:
 + Level 12.3 Fighting
 + Level 15.7 Dodging
 - Level 20.0 Stealth
 * Level 18.1 Unarmed Combat
 - Level 4.0 Spellcasting
 + Level 18.3 Hexes
 + Level 10.8 Ice Magic
 + Level 8.3 Shapeshifting


You had 10 spell levels left.
You knew the following spells:

 Your Spells              Type           Power      Damage    Failure   Level
a - Ensorcelled Hibernat  Hex/Ice        100%       N/A       1%          2
b - Confusing Touch       Hex            60%        N/A       1%          3
c - Tukima's Dance        Hex            60%        N/A       1%          3

Your spell library contained the following spells:

 Spells                   Type           Power      Damage    Failure   Level
 Dazzling Flash           Conj/Hex       68%        N/A       1%          3
 Summon Guardian Golem    Hex/Summ       34%        N/A       1%          3
 Ignite Poison            Fire/Tmut/Pois 3%         N/A       43%         3
 Sticky Flame             Conj/Fire      3%         2d3       83%         4
 Malign Gateway           Summ/Tloc      1%         N/A       100%        7
 Ignition                 Fire           1%         3d3       100%        8
 Death's Door             Necr           1%         N/A       100%        9


Dungeon Overview and Level Annotations

Branches:
Dungeon (1/1)

Altars:
Cheibriados
Dithmenos
Elyvilon
Fedhas
Gozag
Hepliaklqana
Kikubaaqudgha
Makhleb
Nemelex Xobeh
Okawaru
Qazlal
Ru
Sif Muna
Trog
Uskayaw
Vehumet
Wu Jian
Xom
Yredelemnul
Zin
The Shining One
Jiyva
Lugonu

Shops:
D :[!:!*?*!=:(==[*:**[[

Annotations:
D Tiamat


Innate Abilities, Weirdness & Mutations

You are a hulking beast.
Your limbs bulge with bestial killing power. (Slay +5)
You have sharp claws.
You have razor-sharp teeth.
You have supernaturally acute eyesight. (SInv)
You cover ground quickly. (Speed+)
Your thick and shaggy fur keeps you warm. (AC +3, rC+)
Your paws help you pounce on unaware monsters.
You are incapable of wielding weapons or throwing items.
You cannot wear armour.
You gain extra lives every three experience levels.
You are clumsy. (Dex -2)
Your body sometimes deteriorates upon taking damage.
You are weak. (Str -2)


Message History

You are poisoned.
You feel very sick.
Damage: -7%(-4hp) hp: 93%(53hp)
You feel sick.
The fire giant is engulfed in poison gas.
The fire giant is poisoned.
Flame seeps out of the fire giant.
There is an open door here.
Damage: -3%(-2hp) hp: 90%(51hp)
You feel sick.
Damage: -4%(-2hp) hp: 86%(49hp)
You reach down and close the door.
You feel very sick.
Damage: -3%(-2hp) hp: 83%(47hp)
You start resting.
You feel sick. x7
You are no longer poisoned.
Damage: -11%(-6hp) hp: 72%(41hp) Really fly into that cloud of poison gas?
Okay, then.
There are no items here.
Really fly into that cloud of foul pestilence?
Okay, then.
A Laajiym, a small abomination and a cacodemon come into view.
The cacodemon shouts!
Laajiym gestures at you.
You barely resist.
You are engulfed in dark miasma.
You are poisoned.
You feel very sick.
Huge Dmg: -24%(-14hp) hp: 50%(28hp)
As you read the scroll of fog, it dissolves into smoke.
You are engulfed in dark miasma.
You are lethally poisoned!
You feel yourself slow down.
Your body deteriorates!
You feel weakened.
* * * LOW HITPOINT WARNING * * *
You feel extremely sick. Laajiym drops a net on you.
You avoid being caught in a net.
Huge Dmg: -32%(-18hp) hp: 18%(10hp)
You are engulfed in dark miasma.
You are more poisoned.
* * * LOW HITPOINT WARNING * * *
You die...

......~#### ###...^#~~~~~
.....~~##())....#####○○°°####~~~~
...~~~###)◎....##^°○°○°○^# #'~~~
~~~~### #$...C##..°°○°○°○#$$$##~~
####'####$$CCC#^..°x○°○°○#$$$ ###
#####∩∩############°&○°°.#$$$ #~~
∩∩∩∩∩∩###≈≈≈≈≈≈≈d #°x○○○°#######~
####### ###########&○○○○.'))#.['.
#.....+°h°°2○°°°.#.)'||#.
#########################


You could see Laajiym and a cacodemon.

Vanquished Creatures
  Lom Lobon (D)
  the Lernaean hydra (D)
  A deep elf master archer (D)
  A deep elf annihilator (D)
  A lorocyproca (D)
  A mummy priest (D)
  A hydra (D)
  2 centaur warriors (D)
  4 demonic crawlers (D)
  Sonja (D)
  A deep troll (D)
  A lindwurm (D)
  2 oklob plants (D)
  8 shining eyes (D)
  2 merfolk sirens (D)
  A gargoyle (D)
  2 unseen horrors (D)
  2 kobold demonologists (D)
  5 hornets (D)
  A hellwing (D)
  Sigmund (D)
  A slime creature (D)
  A yak (D)
  13 hogs (D)
  2 redbacks (D)
  7 floating eyes (D)
  An ogre (D)
  7 necrophages (D)
  8 jellies (D)
  Ijyb (D)
  A ballistomycete spore (D)
82 creatures vanquished.

Vanquished Creatures (others)
  A ballistomycete spore (D)
1 creature vanquished.

Grand Total: 83 creatures vanquished

Notes
Turn   | Place    | Note
-------+----------+-------------------------------------------
     0 | D        | Lexodia the Felid Enchanter began the quest for the Orb.
     0 | D        | Reached XP level 1. HP: 7/7 MP: 4/4
     1 | D        | Noticed Ijyb
     6 | D        | Noticed an ogre
    14 | D        | Killed an ogre
    15 | D        | Reached skill level 8 in Stealth
    15 | D        | Reached skill level 5 in Unarmed Combat
    15 | D        | Reached XP level 2. HP: 11/11 MP: 6/6
    15 | D        | Reached XP level 3. HP: 14/14 MP: 7/7
    15 | D        | Reached XP level 4. HP: 18/18 MP: 8/8
    17 | D        | Killed Ijyb
    18 | D        | Reached skill level 9 in Stealth
    19 | D        | Noticed Sigmund
    21 | D        | Huge Dmg: 7 dmg
    27 | D        | Killed Sigmund
    28 | D        | Reached skill level 11 in Stealth
    28 | D        | Reached XP level 5. HP: 16/21 MP: 9/9
    28 | D        | Gained mutation: You are covered in thick fur. (AC +2)
                  | [Felid growth]
    28 | D        | Reached XP level 6. HP: 19/24 MP: 10/10
    65 | D        | Learned a level 2 spell: Ensorcelled Hibernation
    69 | D        | Learned a level 3 spell: Confusing Touch
    73 | D        | Learned a level 3 spell: Tukima's Dance
    73 | D        | Found an ornate altar of the Wu Jian Council.
    73 | D        | Found a shimmering blue altar of Sif Muna.
    75 | D        | Found a radiant altar of Vehumet.
    78 | D        | Became a worshipper of the Wu Jian Council
    82 | D        | Reached skill level 12 in Stealth
    85 | D        | Found Huficech's Book Emporium.
    85 | D        | Found an ancient bone altar of Kikubaaqudgha.
    85 | D        | Found a hazy altar of Hepliaklqana.
    85 | D        | Found a stormy altar of Qazlal.
    85 | D        | Found a hide-covered altar of Uskayaw.
    85 | D        | Found a blossoming altar of Fedhas.
    85 | D        | Found a bloodstained altar of Trog.
    85 | D        | Found an iron altar of Okawaru.
    85 | D        | Found a basalt altar of Yredelemnul.
    85 | D        | Found a glowing golden altar of the Shining One.
    85 | D        | Found a snail-covered altar of Cheibriados.
    85 | D        | Found a sacrificial altar of Ru.
    85 | D        | Found a glowing silver altar of Zin.
    85 | D        | Found a shadowy altar of Dithmenos.
    85 | D        | Found a white marble altar of Elyvilon.
    85 | D        | Noticed a yak
    86 | D        | Found an opulent altar of Gozag.
    86 | D        | Killed a yak
    87 | D        | Reached skill level 1 in Ice Magic
    87 | D        | Found a sparkling altar of Nemelex Xobeh.
   110 | D        | Found a burning altar of Makhleb.
   110 | D        | Found a viscous altar of Jiyva.
   110 | D        | Found a shimmering altar of Xom.
   110 | D        | Found a corrupted altar of Lugonu.
   110 | D        | Noticed a slime creature
   112 | D        | Killed a slime creature
   112 | D        | Reached * piety under Wu Jian
   113 | D        | Reached skill level 13 in Stealth
   113 | D        | Reached skill level 10 in Hexes
   113 | D        | Reached XP level 7. HP: 30/30 MP: 11/13
   124 | D        | Noticed a kobold demonologist
   125 | D        | Noticed a kobold demonologist
   128 | D        | Huge Dmg: 6 dmg
   129 | D        | Reached skill level 5 in Dodging
   129 | D        | Noticed a red devil
   129 | D        | Slain by a red devil
   130 | D        | Reached XP level 6. HP: -4/28 MP: 9/12
   139 | D        | Noticed a deep troll
   140 | D        | Killed a deep troll
   141 | D        | Reached skill level 14 in Stealth
   141 | D        | Reached skill level 10 in Unarmed Combat
   141 | D        | Reached XP level 7. HP: 33/33 MP: 12/14
   151 | D        | Noticed Sonja
   157 | D        | Killed Sonja
   157 | D        | Reached ** piety under Wu Jian
   158 | D        | Reached skill level 5 in Fighting
   158 | D        | Reached skill level 15 in Stealth
   158 | D        | Reached XP level 8. HP: 37/37 MP: 10/15
   175 | D        | Found Fob Att's Armour Emporium.
   204 | D        | Noticed a centaur warrior
   206 | D        | Noticed a hornet
   206 | D        | Noticed a centaur warrior
   208 | D        | Killed a centaur warrior
   209 | D        | Reached skill level 16 in Stealth
   209 | D        | Reached skill level 5 in Ice Magic
   209 | D        | Reached XP level 9. HP: 41/41 MP: 16/16
   209 | D        | Killed a centaur warrior
   210 | D        | Reached skill level 17 in Stealth
   221 | D        | Noticed an oklob plant
   223 | D        | Killed an oklob plant
   223 | D        | Reached *** piety under Wu Jian
   253 | D        | Noticed an unseen horror
   254 | D        | Noticed an unseen horror
   259 | D        | Huge Dmg: 11 dmg
   261 | D        | Killed an unseen horror
   261 | D        | Reached **** piety under Wu Jian
   262 | D        | Reached skill level 18 in Stealth
   263 | D        | Killed an unseen horror
   264 | D        | Reached skill level 10 in Dodging
   264 | D        | Reached XP level 10. HP: 30/47 MP: 12/17
   287 | D        | Noticed a rust devil
   294 | D        | Huge Dmg: 8 dmg
   412 | D        | Huge Dmg: 21 dmg
   471 | D        | Reached ***** piety under Wu Jian
   497 | D        | Reached ****** piety under Wu Jian
   532 | D        | Found Hanwauc's General Store.
   532 | D        | Found Afridong's Magic Scroll Shop.
   532 | D        | Found Dieril's Distillery.
   534 | D        | Found Toudghuwke's Jewellery Emporium.
   534 | D        | Found Azyunt's Book Shop.
   534 | D        | Found Reric's Weapon Shoppe.
   534 | D        | Found Fegyepiddi's Jewellery Boutique.
   534 | D        | Found Tellup's Jewellery Emporium.
   534 | D        | Found Jostyma's Antique Armour Shop.
   534 | D        | Found Xysepa's Assorted Antiques.
   536 | D        | Bought a scroll of identify for 24 gold pieces
   537 | D        | Bought a scroll of fog for 48 gold pieces
   537 | D        | Bought a potion of mutation for 96 gold pieces
   538 | D        | Bought a potion of invisibility for 104 gold pieces
   538 | D        | Found Nust's Book Boutique.
   539 | D        | Bought a beast talisman for 280 gold pieces
   539 | D        | Found Omneit's General Store.
   539 | D        | Found Jil Qav's Assorted Antiques.
   540 | D        | Found Finlemum's Antique Armour Emporium.
   542 | D        | Bought a ring of flight for 192 gold pieces
   548 | D        | Bought a sparkling golden amulet for 120 gold pieces
   548 | D        | Identified the amulet of Opneos {Faith Int+4} (You bought
                  | it in a shop in the Dungeon)
   585 | D        | Found Jaogusar's Book Boutique.
   598 | D        | Noticed a shining eye
   598 | D        | Noticed a shining eye
   598 | D        | Noticed a shining eye
   598 | D        | Noticed a shining eye
   598 | D        | Noticed a shining eye
   598 | D        | Noticed a shining eye
   600 | D        | Noticed a shining eye
   600 | D        | Noticed a shining eye
   600 | D        | Killed a shining eye
   601 | D        | Reached skill level 19 in Stealth
   601 | D        | Reached skill level 1 in Shapeshifting
   602 | D        | Killed a shining eye
   604 | D        | Killed a shining eye
   605 | D        | Killed a shining eye
   612 | D        | Gained mutation: You occasionally lose the ability to read
                  | scrolls when taking damage. [a shining eye]
   613 | D        | Gained mutation: Your magical capacity is low. (-10% MP) [a
                  | shining eye]
   616 | D        | Gained mutation: Your magical capacity is very low. (-20%
                  | MP) [a shining eye]
   617 | D        | Killed a shining eye
   619 | D        | Killed a shining eye
   619 | D        | Killed a shining eye
   620 | D        | Reached skill level 20 in Stealth
   620 | D        | Reached XP level 11. HP: 53/53 MP: 14/14
   620 | D        | Killed a shining eye
   631 | D        | Found Katarutt's Antique Armour Shoppe.
   631 | D        | Found Uxkif's Assorted Antiques.
   631 | D        | Found Egua's Distillery.
   632 | D        | Found Fadwigre's Distillery.
   635 | D        | Bought a potion of enlightenment for 55 gold pieces
   637 | D        | Bought a potion of mutation for 184 gold pieces
   644 | D        | Bought a potion of mutation for 88 gold pieces
   644 | D        | Bought a potion of invisibility for 88 gold pieces
   644 | D        | Bought 2 potions of cancellation for 176 gold pieces
   644 | D        | Bought 2 potions of haste for 220 gold pieces
   674 | D        | Noticed a demonic crawler
   674 | D        | Noticed a demonic crawler
   682 | D        | Lost mutation: Your magical capacity is very low. (-20% MP)
                  | [potion of mutation]
   682 | D        | Lost mutation: Your magical capacity is low. (-10% MP)
                  | [potion of mutation]
   682 | D        | Gained mutation: You are partially covered in iridescent
                  | scales. (AC +2) [potion of mutation]
   683 | D        | Lost mutation: You occasionally lose the ability to read
                  | scrolls when taking damage. [potion of mutation]
   683 | D        | Lost mutation: You are partially covered in iridescent
                  | scales. (AC +2) [potion of mutation]
   683 | D        | Gained mutation: You sometimes lose your temper in combat.
                  | [potion of mutation]
   683 | D        | Gained mutation: You have a pair of small horns on your
                  | head. [potion of mutation]
   683 | D        | Lost mutation: You have a pair of small horns on your head.
                  | [potion of mutation]
   684 | D        | Lost mutation: You sometimes lose your temper in combat.
                  | [potion of mutation]
   684 | D        | Gained mutation: Your body sometimes deteriorates upon
                  | taking damage. [potion of mutation]
   684 | D        | Gained mutation: You are weak. (Str -2) [potion of
                  | mutation]
   684 | D        | Gained mutation: You are clumsy. (Dex -2) [potion of
                  | mutation]
   707 | D        | Noticed a demonic crawler
   707 | D        | Noticed a demonic crawler
   711 | D        | Killed a demonic crawler
   711 | D        | Reached skill level 15 in Hexes
   711 | D        | Killed a demonic crawler
   711 | D        | Killed a demonic crawler
   711 | D        | Reached skill level 15 in Unarmed Combat
   711 | D        | Killed a demonic crawler
   749 | D        | Noticed a lindwurm
   751 | D        | Killed a lindwurm
   764 | D        | Reached skill level 10 in Fighting
   765 | D        | Reached skill level 5 in Shapeshifting
   769 | D        | Huge Dmg: 11 dmg
   780 | D        | Noticed a 12-headed hydra
   781 | D        | Killed a 12-headed hydra
   796 | D        | Huge Dmg: 11 dmg
   896 | D        | Noticed a daeva
   898 | D        | Huge Dmg: 14 dmg
   982 | D        | Noticed a lorocyproca
   989 | D        | Lost strength.
   991 | D        | Mangled by a lorocyproca
   992 | D        | Reached XP level 10. HP: -7/51 MP: 0/17
  1081 | D        | Huge Dmg: 17 dmg
  1082 | D        | Huge Dmg: 19 dmg
  1082 | D        | Killed a lorocyproca
  1083 | D        | Reached XP level 11. HP: 16/55 MP: 2/18
  1369 | D        | Noticed a deep elf annihilator
  1373 | D        | Noticed a mummy priest
  1375 | D        | Noticed an oklob plant
  1379 | D        | Killed a deep elf annihilator
  1382 | D        | Killed a mummy priest
  1384 | D        | Killed an oklob plant
  1405 | D        | Noticed the 27-headed Lernaean hydra
  1409 | D        | Killed the 27-headed Lernaean hydra
  1410 | D        | Reached skill level 10 in Ice Magic
  1411 | D        | Noticed a deep elf master archer
  1413 | D        | Killed a deep elf master archer
  1414 | D        | Reached skill level 15 in Dodging
  1445 | D        | Identified the +6 falchion "Acohabal" {spect, rElec rPois
                  | Dex+3}
  1447 | D        | Got the Quarto of Grisly Assembling
  1451 | D        | Noticed Lom Lobon
  1453 | D        | Killed Lom Lobon
  1454 | D        | Gained mutation: Your thick and shaggy fur keeps you warm.
                  | (AC +3, rC+) [Felid growth]
  1454 | D        | Reached XP level 12. HP: 52/61 MP: 19/19
  1455 | D        | Huge Dmg: 13 dmg
  1456 | D        | Huge Dmg: 17 dmg
  1456 | D        | Lost strength.
  1457 | D        | HP: 3/61 [poison (dark miasma)]
  1458 | D        | Succumbed to poison (dark miasma)
  1459 | D        | Reached XP level 11. HP: -3/57 MP: 18/18
  1464 | D        | Noticed a fire giant
  1464 | D        | Noticed a fire giant
  1468 | D        | Got the Orb of Zot
  1468 | D        | Found the +4 dragonskin cloak
  1468 | D        | Noticed Tiamat
  1468 | D        | Noticed a fire giant
  1468 | D        | Noticed a fire giant
  1492 | D        | Noticed Laajiym the pandemonium lord
  1492 | D        | Noticed a cacodemon
  1494 | D        | Huge Dmg: 14 dmg
  1495 | D        | Huge Dmg: 18 dmg
  1495 | D        | Succumbed to poison (dark miasma)

Illustrated notes

Levels and vault maps discovered:
D:        dungeon_sprint_1 [red_sonja_temple_1, red_sonja_temple_small_1]

Skill      XL: |  1  2  3  4  5  6  7  8  9 10 11 |
---------------+----------------------------------+-----
Stealth        | 8 11 14 15 16 18 20 | 20.0
Unarmed Combat | 5 7 10 11 13 14 18 | 18.1
Hexes          | 6 9 11 12 13 14 18 | 18.3
Dodging        | 6 7 8 10 11 15 | 15.7
Fighting       | 4 5 7 9 12 | 12.3
Ice Magic      | 3 4 5 6 7 10 | 10.8
Spellcasting   | 4 |  4.0
Shapeshifting  | 6 8 |  8.3

Action                     |  1- 3 |  4- 6 |  7- 9 | 10-12 || total
---------------------------+-------+-------+-------+-------++-------
  Melee: Unarmed           |     5 |    14 |    15 |   142 ||   176
         Bite              |       |       |       |    15 ||    15
         Punch             |       |       |       |     6 ||     6
   Cast: Ensorcelled Hiber |       |       |     7 |     2 ||     9
         Confusing Touch   |       |       |       |     3 ||     3
 Invoke: Serpent's Lash    |       |       |       |     7 ||     7
         Heavenly Storm    |       |       |       |     1 ||     1
Ability: Lunge             |       |     3 |     7 |    32 ||    42
         Whirlwind         |       |       |     1 |    48 ||    49
         Wall Jump         |       |       |       |     4 ||     4
    Use: Potion            |     2 |       |       |     6 ||     8
         Scroll            |       |       |       |     8 ||     8
   Stab: Sleeping          |     1 |     4 |    11 |    35 ||    51
         Invisible         |       |     3 |       |     8 ||    11
         Confused          |       |       |       |     2 ||     2
         Distracted        |       |       |       |     1 ||     1
 Armour: Skin              |       |       |       |     3 ||     3
  Dodge: Dodged            |     6 |     4 |     6 |    44 ||    60
   Form: Beast             |       |       |       |     1 ||     1

Table legend: (Time is in decaauts)
 A = Elapsed time spent in this place.
 B = Non-inter-level travel time spent in this place.
 C = Inter-level travel time spent in this place.
 D = Time resting spent in this place.
 E = Time spent auto-exploring this place.
 F = Levels seen in this place.
 G = Mean time per level.
                   A        B        C        D        E       F      G
               +--------+--------+--------+--------+--------+-----+--------+
         Total |   1370 |   1351 |     19 |    542 |    164 |   1 | 1370.0 |
       Dungeon |   1370 |   1351 |     19 |    542 |    164 |   1 | 1370.0 |
               +--------+--------+--------+--------+--------+-----+--------+

Top non-repeatable levels by time:
       D: 1370 daAuts
